AoeStats
← peyc12

Black Forest

507347477Analyzed
4v4 RM · 13d ago on Sep 17, 2026· 47m 48s· 8 players
Game mode
Random Map
Map size
Large (8 player)
Population
200
Speed
Normal
Resources
Standard
Victory
Conquest
Starting age
Dark Age
Ending age
Imperial Age
RankedLock teamsTeams togetherTeam positionsShared explorationLock speedFull tech treeHidden civsTurbo modeCheats
Victory
Defeat
779
+12
🇦🇷 Burgundians · Argentina
773
+12
🇺🇸 Khmer · United States
644
+17
🇨🇳 Celts · China
595
+19
🇪🇸 Ethiopians · Spain
800
-20
🇪🇸 Persians · Spain
752
-18
🇪🇸 Chinese · Spain
584
-11
🇪🇸 Byzantines · Spain
574
-11
peyc12
13:24 Feudal Age
14:42 Loom
15:37 Horse Collar
15:45 Double-Bit Axe
16:49 Wheelbarrow
22:03 Castle Age
23:23 Bow Saw
22:39 Crossbowman
23:40 Fletching
23:51 Padded Archer Armor
27:07 Hand Cart
28:35 Masonry
28:35 Husbandry
29:03 Heavy Plow
35:28 Imperial Age
33:19 Scale Barding Armor
33:25 Forging
33:12 Bodkin Arrow
34:14 Elite Skirmisher
36:07 Leather Archer Armor
36:33 Heavy Scorpion
38:50 Chemistry
38:11 Ballistics
39:21 Gold Mining
39:21 Stone Mining
40:02 Siege Engineers
39:23 Arbalester
40:08 Thumb Ring
40:44 Conscription
42:30 Elite Shotel Warrior
46:01 Bracer
Motopapi
14:46 Feudal Age
16:16 Wheelbarrow
15:23 Horse Collar
15:32 Double-Bit Axe
21:59 Stone Mining
22:00 Gold Mining
26:46 Castle Age
26:13 Forging
26:04 Scale Mail Armor
25:54 Fletching
26:05 Padded Archer Armor
26:17 Arson
28:07 Hand Cart
27:56 Heavy Plow
28:34 Gold Shaft Mining
28:38 Stone Shaft Mining
28:17 Bow Saw
33:18 Heated Shot
33:49 Ballistics
33:40 Masonry
33:25 Murder Holes
33:41 Fortified Wall
33:24 Guard Tower
34:15 Iron Casting
33:56 Chain Mail Armor
33:37 Bodkin Arrow
33:57 Leather Archer Armor
33:46 Squires
34:26 Thumb Ring
34:27 Pikeman
41:02 Imperial Age
41:12 Halberdier
41:16 Elite Chu Ko Nu
42:17 Conscription
45:38 Blast Furnace
45:09 Plate Mail Armor
44:40 Bracer
45:10 Ring Archer Armor
SanchoPanza
12:04 Loom
13:59 Feudal Age
15:47 Wheelbarrow
15:04 Double-Bit Axe
15:06 Horse Collar
21:25 Gold Mining
21:41 Stone Mining
25:10 Castle Age
26:11 Hand Cart
26:00 Heavy Plow
26:13 Bow Saw
26:43 Gold Shaft Mining
26:44 Stone Shaft Mining
31:30 Treadmill Crane
31:49 Murder Holes
32:19 Ballistics
35:40 Imperial Age
33:19 Elite Skirmisher
34:13 Greek Fire
34:40 Caravan
37:52 Chemistry
38:02 Conscription
39:30 Crop Rotation
40:04 Two-Man Saw
labruixaavorrida
1:16 Loom
14:28 Feudal Age
15:51 Wheelbarrow
17:18 Horse Collar
17:47 Double-Bit Axe
23:27 Castle Age
22:16 Gold Mining
23:05 Bloodlines
24:11 Hand Cart
24:04 Husbandry
25:41 Scale Barding Armor
29:29 Caravan
32:31 Chain Barding Armor
33:44 Gold Shaft Mining
32:59 Stone Mining
35:01 Scale Mail Armor
35:12 Forging
36:18 Fletching
36:28 Padded Archer Armor
38:18 Kamandaran
38:41 Bow Saw
40:14 Crossbowman
42:16 Bodkin Arrow
42:36 Leather Archer Armor
44:01 Thumb Ring
47:06 Leather Archer Armor
47:08 Chain Mail Armor
Raven ( ͡⚆ ͜ʖ ͡⚆)
16:06 Feudal Age
22:31 Castle Age
22:22 Double-Bit Axe
22:22 Horse Collar
24:49 Bow Saw
26:44 Heavy Plow
28:25 Stone Mining
29:12 Gold Mining
30:59 Stone Shaft Mining
32:19 Fervor
33:18 Inquisition
34:18 Wheelbarrow
33:30 Town Watch
33:31 Loom
35:17 Hand Cart
35:08 Caravan
35:38 Coinage
41:02 Imperial Age
38:37 Town Patrol
38:52 Scale Barding Armor
38:58 Forging
40:18 Chain Barding Armor
44:53 Squires
44:13 Pikeman
45:55 Halberdier
46:51 Husbandry
47:01 Bloodlines
46:12 Light Cavalry
46:13 Cavalier
47:59 Chemistry
48:46 Coinage
48:28 Guilds
MoldyShelf59466
1:01 Loom
13:56 Feudal Age
15:23 Wheelbarrow
15:30 Double-Bit Axe
17:33 Horse Collar
23:13 Gold Mining
23:14 Stone Mining
24:24 Town Watch
28:33 Castle Age
27:20 Scale Barding Armor
27:56 Forging
28:32 Fletching
29:08 Padded Archer Armor
31:28 Chain Barding Armor
31:16 Heavy Plow
32:14 Caravan
33:28 Gold Shaft Mining
35:38 Stone Shaft Mining
36:21 Tusk Swords
39:05 Iron Casting
38:46 Leather Archer Armor
38:52 Fortified Wall
42:41 Imperial Age
40:56 Ballistics
41:24 Bodkin Arrow
42:31 Hand Cart
44:04 Bow Saw
44:28 Crop Rotation
45:55 Town Patrol
47:00 Chemistry
48:13 Hoardings
蟹黄堡
3:43 Loom
14:35 Feudal Age
16:01 Wheelbarrow
15:14 Town Watch
15:19 Double-Bit Axe
17:27 Gold Mining
18:01 Horse Collar
22:06 Stone Mining
26:05 Castle Age
27:12 Crossbowman
27:14 Elite Skirmisher
28:29 Bow Saw
28:57 Gold Shaft Mining
28:59 Stone Shaft Mining
28:29 Heavy Plow
32:48 Fletching
32:59 Padded Archer Armor
34:38 Murder Holes
35:04 Ballistics
34:55 Masonry
40:24 Imperial Age
41:54 Heavy Scorpion
41:56 Capped Ram
44:37 Bodkin Arrow
44:57 Leather Archer Armor
45:47 Chemistry
44:55 Siege Engineers
44:47 Arrowslits
46:19 Guilds
46:43 Coinage
46:14 Caravan
Nahue
7:23 Loom
10:08 Feudal Age
10:36 Horse Collar
11:21 Double-Bit Axe
17:35 Castle Age
16:40 Bow Saw
16:55 Heavy Plow
20:52 Stone Mining
22:08 Gold Mining
26:37 Wheelbarrow
27:15 Gold Shaft Mining
27:48 Caravan
28:47 Hand Cart
33:21 Imperial Age
32:24 Crop Rotation
32:08 Forging
32:04 Scale Barding Armor
32:11 Padded Archer Armor
32:37 Ballistics
32:33 Fletching
32:37 Town Watch
33:33 Husbandry
32:56 Cavalier
32:58 Pikeman
33:39 Squires
33:48 Scale Mail Armor
35:08 Chemistry
35:00 Iron Casting
34:07 Elite Skirmisher
36:21 Two-Man Saw
36:21 Chain Barding Armor
35:51 Halberdier
38:43 Blast Furnace
38:19 Plate Barding Armor
38:00 Leather Archer Armor
38:01 Chain Mail Armor
38:29 Elite Coustillier
41:54 Bodkin Arrow
42:15 Chain Mail Armor
Connection lost

Rejoining the realm…

Still unreachable

The connection could not be restored.

Session expired

The server has moved on; the page needs a fresh start.